 Dungeon Crawl Stone Soup version 0.27-a0-819-g058290f16d (webtiles) character file.

Game seed: 5183172594332641704

960 Lanoc the Skirmisher (level 8, -2/43 HPs)
             Began as a Vine Stalker Monk on Mar 29, 2021.
             Was a Believer of Yredelemnul.
             Slain by an orc
             ... wielding a +1 vorpal trident
              (5 damage)
             ... on level 5 of the Dungeon.
             The game lasted 00:05:57 (4851 turns).

Lanoc the Skirmisher (Vine Stalker Monk)            Turns: 4851, Time: 00:05:57

Health: -2/43      AC:  4    Str: 13    XL:     8   Next: 14%
Magic:  0/12       EV: 15    Int: 10    God:    Yredelemnul [**....]
Gold:   209        SH:  0    Dex: 20    Spells: 7/7 levels left

rFire    . . .     SeeInvis .   u - +4 dagger
rCold    . . .     Faith    .   (no shield)
rNeg     . . .     Spirit   +   b - +0 robe
rPois    .         Reflect  .   (no helmet)
rElec    .         Harm     .   k - +0 cloak
rCorr    .         Rampage  .   i - +0 pair of gloves
Will     ++...                  (no boots)
Stlth    ++........             (no amulet)
HPRegen  1.14/turn              t - ring of willpower
MPRegen  0.13/turn              (no ring)

@: mirroring injuries
A: fangs 3, regeneration 1, magic shield, antimagic bite, no potion heal 3
a: Renounce Religion, Animate Remains, Recall Undead Slaves, Injury Mirror


You were on level 5 of the Dungeon.
You worshipped Yredelemnul.
Yredelemnul was pleased with you.
You visited 1 branch of the dungeon, and saw 5 of its levels.

You collected 248 gold pieces.
You spent 39 gold pieces at shops.

Inventory:

Hand Weapons
 u - a +4 dagger (weapon)
Armour
 b - a +0 robe (worn)
 i - a +0 pair of gloves (worn)
 k - a +0 cloak (worn)
Jewellery
 t - a ring of willpower (left hand)
Wands
 a - a wand of flame (11)
 p - a wand of paralysis (7)
 r - a wand of mindburst (5)
Scrolls
 e - 4 scrolls of identify {unknown}
 g - 2 scrolls of immolation {unknown}
 h - a scroll of silence {unknown}
 j - 2 scrolls of teleportation
 l - 2 scrolls of fog {unknown}
 m - a scroll of holy word {unknown}
 n - 2 scrolls of magic mapping {unknown}
 s - a scroll of acquirement {unknown}
 v - a scroll of noise {unknown}
Potions
 c - a potion of might {unknown}
 d - a potion of degeneration {unknown}
 f - a potion of curing
 o - a potion of lignification {unknown}
 q - 2 potions of heal wounds {unknown}
 w - a potion of berserk rage {unknown}
 x - a potion of experience {unknown}
 z - a potion of brilliance {unknown}
 A - a potion of flight {unknown}


   Skills:
 + Level 5.1 Fighting
 - Level 3.8 Long Blades
 + Level 4.7 Dodging
 - Level 2.5 Stealth
 * Level 5.0 Invocations


You had 7 spell levels left.
You didn't know any spells.
Your spell library contained the following spells:

 Spells                   Type           Power      Damage    Failure   Level
 Confusing Touch          Hex            0%         N/A       75%         3
 Gell's Gravitas          Tloc           0%         N/A       75%         3
 Petrify                  Tmut/Erth      0%         N/A       98%         4
 Metabolic Englaciation   Hex/Ice        0%         N/A       100%        5
 Yara's Violent Unravell  Hex/Tmut       0%         3d3       100%        5


Dungeon Overview and Level Annotations

Branches:
Dungeon (5/15)
 Temple: D:4-7

Altars:
Ru
Sif Muna
Trog
Yredelemnul

Shops:
D:3 [?

Annotations:
D:5 1 runed translucent door, Hasart's ghost, amateur DgFi


Innate Abilities, Weirdness & Mutations

You have razor-sharp teeth.
Your natural rate of healing is unusually fast.
When hurt, damage is shared between your health and your magic reserves.
Your bite disrupts and absorbs the magic of your enemies.
Potions cannot restore your health.


Message History

The orc hits you with a +0 dagger.
You completely miss the orc warrior.
The orc warrior is severely wounded.
The orc warrior misses you.
You offer yourself to Yredelemnul, and are filled with unholy energy.
The orc closely misses you.
An orc comes into view. It is wielding a +0 hand axe.
The orc shouts!
You hit the orc warrior.
The orc warrior is severely wounded.
The orc closely misses you. x2
The orc warrior hits you with a +0 hand axe.
Yredelemnul mirrors your injury!
The orc warrior is almost dead.
You hit the orc warrior but do no damage.
The orc warrior is almost dead.
The orc closely misses you. The orc barely misses you. Something hits you.
Yredelemnul mirrors your injury!
The orc warrior hits you with a +0 hand axe.
Yredelemnul mirrors your injury!
The orc warrior is almost dead.
You hit the orc warrior but do no damage.
Your bite misses the orc warrior.
The orc warrior is almost dead.
The orc closely misses you. Something hits you.
Yredelemnul mirrors your injury!
The orc warrior hits you with a +0 hand axe!
* * * LOW HITPOINT WARNING * * *
Yredelemnul mirrors your injury!
You kill the orc warrior!
Yredelemnul accepts your kill.
Your Invocations skill increases to level 5!
You completely miss the orc. Your bite misses the orc.
The orc hits you with a +0 dagger.
* * * LOW HITPOINT WARNING * * *
Yredelemnul mirrors your injury!
The orc is moderately wounded.
The orc hits you from afar with a +1 vorpal trident.
You die...
Your body rises from the dead as a mindless zombie.

#Z#......ZZZ#...##
#.#..##.####ZZ...#
#Z#..##.# ##Z..##
#.Z.Z...### ##Z##
#).Z......# #.# #.##Z####.#
#o# #.##.## #.# ##o##
#.##.Z# #.###.)o##
#.###Z###.##..))@##
#......ZZZ#.....).## .
###...####.........####....
#
#.......+.........'.......
.
##...####.........####....
. #..## ##.......## . #.##
##.....## #.# ##...## #.#
##+##


You could see 3 orcs.

Vanquished Creatures
  An orc warrior (D:5)
  2 ogres (D:5)
  A necrophage (D:5)
  A phantom (D:4)
  A centaur (D:4)
  A bullfrog zombie (D:3)
  2 hounds
  An orc priest (D:5)
  3 iguanas
  Terence (D:3)
  Ijyb (D:3)
  A hound skeleton (D:5)
  5 adders
  A howler monkey skeleton (D:5)
  A white imp (D:5)
  2 worms (D:2)
  2 dart slugs
  4 orcs (D:5)
  5 ball pythons
  4 endoplasms
  A giant cockroach (D:2)
  4 goblins
  7 hobgoblins
  4 jackals
  3 quokkas
  3 bats (D:3)
  A frilled lizard (D:2)
  7 kobolds
  5 rats
75 creatures vanquished.

Vanquished Creatures (collateral kills)
  An ogre (D:5)
  An orc wizard (D:5)
  An orc (D:5)
3 creatures vanquished.

Vanquished Creatures (others)
  A ball python zombie (D:4)
  An iguana zombie (D:5)
  An ogre zombie (D:5)
  3 orc zombies (D:5)
6 creatures vanquished.

Grand Total: 84 creatures vanquished

Notes
Turn   | Place    | Note
-------+----------+-------------------------------------------
     0 | D:1      | Lanoc the Vine Stalker Monk began the quest for the Orb.
     0 | D:1      | Reached XP level 1. HP: 11/11 MP: 2/2
   754 | D:1      | Reached XP level 2. HP: 9/16 MP: 3/3
  1022 | D:2      | Reached XP level 3. HP: 6/20 MP: 2/4
  1630 | D:2      | Found a bloodstained altar of Trog.
  2318 | D:2      | Gained mutation: Your natural rate of healing is unusually
                  | fast. [Vine Stalker growth]
  2318 | D:2      | Reached XP level 4. HP: 20/24 MP: 3/5
  2429 | D:3      | Found Tybayrch's Magic Scroll Boutique.
  2439 | D:3      | Bought a scroll of teleportation for 39 gold pieces
  2596 | D:3      | Noticed Terence
  2615 | D:3      | Killed Terence
  2616 | D:3      | Reached XP level 5. HP: 10/28 MP: 2/6
  2665 | D:3      | Noticed Ijyb
  2669 | D:3      | Paralysed by Ijyb for 5 turns
  2676 | D:3      | Killed Ijyb
  2800 | D:3      | Found Besu's Antique Armour Shop.
  3095 | D:4      | Found a sacrificial altar of Ru.
  3101 | D:4      | Found a basalt altar of Yredelemnul.
  3116 | D:4      | Became a worshipper of Yredelemnul the Dark
  3116 | D:4      | Reached * piety under Yredelemnul
  3116 | D:4      | Reached ** piety under Yredelemnul
  3442 | D:4      | Found a shimmering blue altar of Sif Muna.
  3596 | D:4      | Noticed a phantom
  3597 | D:4      | Noticed a centaur
  3643 | D:4      | Killed a phantom
  3644 | D:4      | Reached skill level 1 in Invocations
  3644 | D:4      | Reached XP level 6. HP: 20/33 MP: 6/8
  4097 | D:5      | Entered Level 5 of the Dungeon
  4190 | D:5      | Found a runed translucent door.
  4203 | D:5      | Reached XP level 7. HP: 28/38 MP: 10/10
  4205 | D:5      | Noticed Hasart's ghost (amateur DgFi)
  4734 | D:5      | Gained mutation: You have razor-sharp teeth. [Vine Stalker
                  | growth]
  4734 | D:5      | Reached XP level 8. HP: 42/42 MP: 10/12
  4738 | D:5      | Reached skill level 5 in Fighting
  4851 | D:5      | Reached skill level 5 in Invocations
  4851 | D:5      | Slain by an orc

Illustrated notes

Levels and vault maps discovered:
D:1:      mainiacjoe_arrival_reflecting_pool, layout_rooms, kennysheep_boxes
D:2:      minmay_angry_zag, layout_loops_ring, trog_hazing_becter
D:3:      layout_loops_ring, serial_shops, nicolae_shop_window_shopping, shop,
          kennysheep_donut, uniq_ijyb, uniq_terence
D:4:      layout_basic, marbit_many_paths, minitemple
D:5:      layout_loops_corners, grunt_temple_overflow_open, serial_shops, shop,
          gammafunk_ghost_grave

Skill      XL: |  1  2  3  4  5  6  7  8 |
---------------+-------------------------+-----
Fighting       | 3 4 5 |  5.1
Long Blades    | 3 |  3.8
Dodging        | 3 4 |  4.7
Invocations    | 1 3 4 5 |  5.0
Stealth        | |  2.5

Action                   |  1- 3 |  4- 6 |  7- 9 || total
-------------------------+-------+-------+-------++-------
Melee: Short sword       |    60 |   110 |       ||   170
       Falchion          |     4 |       |       ||     4
       Bite              |    16 |    45 |    30 ||    91
       Dagger            |       |    23 |    89 ||   112
Invok: Animate Remains   |       |     1 |     5 ||     6
       Injury Mirror     |       |       |     1 ||     1
  Use: Potion            |     1 |       |       ||     1
 Stab: Sleeping          |     6 |     9 |     1 ||    16
Armor: Robe              |    10 |    21 |     8 ||    39
Dodge: Dodged            |    56 |    84 |    51 ||   191
       Rpst.: Falchion   |     1 |       |       ||     1

Table legend: (Time is in decaauts)
 A = Elapsed time spent in this place.
 B = Non-inter-level travel time spent in this place.
 C = Inter-level travel time spent in this place.
 D = Time resting spent in this place.
 E = Time spent auto-exploring this place.
 F = Levels seen in this place.
 G = Mean time per level.
                   A        B        C        D        E       F      G
               +--------+--------+--------+--------+--------+-----+--------+
         Total |   4837 |   4720 |    117 |      0 |   4026 |   5 |  967.4 |
       Dungeon |   4837 |   4720 |    117 |      0 |   4026 |   5 |  967.4 |
               +--------+--------+--------+--------+--------+-----+--------+

Top non-repeatable levels by time:
     D:2: 1388 daAuts
     D:4: 1102 daAuts
     D:1: 967 daAuts
     D:5: 741 daAuts
     D:3: 637 daAuts
